 Dungeon Crawl Stone Soup version 0.20-a0-513-g02c11fc (webtiles) character file.

756 Kaname the Charmwright (level 7, -1/54 HPs)
             Began as a Demonspawn Skald on Jan 23, 2017.
             Slain by skelma's ghost (4 damage)
             ... on level 4 of the Dungeon.
             The game lasted 00:14:12 (4063 turns).

Kaname the Charmwright (Demonspawn Skald)           Turns: 4063, Time: 00:14:13

Health: -1/54      AC:  4    Str: 11    XL:     7   Next: 50%
Magic:  0/11       EV: 12    Int: 16    God:
Gold:   111        SH:  0    Dex: 13    Spells: 1/12 levels left

rFire    . . .     SeeInvis .   p - +0 trident (curse)
rCold    . . .     Gourm    .   b - +0 leather armour
rNeg     . . .     Faith    .   (no shield)
rPois    .         Spirit   +   (helmet restricted)
rElec    .         Reflect  .   (no cloak)
rCorr    .         Harm     .   r - +0 pair of gloves
MR       .....                  (no boots)
Stlth    +.........             h - amulet of magic regeneration
Regen    0.2/turn               (no ring)
                                (no ring)

@: infused
A: horns 1, magic shield
a: no special abilities


You were on level 4 of the Dungeon.
You were hungry.

You visited 1 branch of the dungeon, and saw 4 of its levels.

You collected 237 gold pieces.
You spent 126 gold pieces at shops.

Inventory:

Hand Weapons
 n - a +0 blowgun
 p - a cursed +0 trident (weapon)
Missiles
 o - 33 poisoned needles
 x - 4 javelins (quivered)
Armour
 b - a +0 leather armour (worn)
 r - a +0 pair of gloves (worn)
Jewellery
 h - an amulet of magic regeneration (around neck)
Scrolls
 e - 2 scrolls of immolation {unknown}
 g - a scroll of teleportation
 l - a scroll of enchant armour {unknown}
 m - 3 scrolls of recharging
 q - 4 scrolls of fog {unknown}
 t - 2 scrolls of remove curse
 u - 3 scrolls of amnesia
 v - a scroll of fear
Potions
 f - a potion of ambrosia {unknown}
 i - 2 potions of mutation {unknown}
 j - 2 potions of curing
 s - a potion of haste {unknown}
Books
 c - a book of Battle

   Spells                             Type                      Level
   a - Infusion                       Charms                       1
   b - Shroud of Golubria             Charms/Translocation         2
   c - Song of Slaying                Charms                       2
   d - Spectral Weapon                Hexes/Charms                 3
   e - Regeneration                   Charms/Necromancy            3
Comestibles
 a - 2 fruits
 d - 7 bread rations
 k - a meat ration


   Skills:
 - Level 4.0 Fighting
 - Level 4.0 Polearms
 - Level 0.8 Armour
 - Level 1.7 Dodging
 - Level 3.0 Spellcasting
 - Level 3.1 Hexes
 + Level 4.7 Charms
 - Level 1.2 Necromancy
 - Level 1.0 Translocations


You had one spell level left.
You knew the following spells:

 Your Spells              Type           Power        Failure   Level  Hunger
a - Infusion              Chrm           ###.         3%          1    #......
b - Song of Slaying       Chrm           ###.....     6%          2    ##.....
c - Shroud of Golubria    Chrm/Tloc      ##........   12%         2    ##.....
d - Regeneration          Chrm/Necr      ##........   24%         3    ###....
e - Spectral Weapon       Hex/Chrm       ###.....     17%         3    ###....


Dungeon Overview and Level Annotations

Branches:
Dungeon (4/15)
 Temple: D:4-7

Altars:
Ashenzari
Zin

Shops:
D:4 *

Annotations:
D:4 skelma's ghost, amateur DsGl


Innate Abilities, Weirdness & Mutations

You have a pair of small horns on your head.
When hurt, damage is shared between your health and your magic reserves.


Message History

Skelma's ghost is severely damaged.
Your spectral weapon closely misses skelma's ghost.
Skelma's ghost hits you!
* * * LOW HITPOINT WARNING * * *
You hit skelma's ghost. Your headbutt misses skelma's ghost.
Skelma's ghost is severely damaged.
Your spectral weapon hits skelma's ghost from afar.
Skelma's ghost hits you.
* * * LOW HITPOINT WARNING * * *
You hit skelma's ghost but do no damage.
Your headbutt misses skelma's ghost.
Skelma's ghost is severely damaged.
Your spectral weapon hits skelma's ghost from afar.
Skelma's ghost hits you!
* * * LOW HITPOINT WARNING * * *
You hit skelma's ghost.
Skelma's ghost is almost destroyed.
Your spectral weapon barely misses skelma's ghost.
Skelma's ghost hits you.
You die...

...# .... ...# ..... ##### ...#
.....##...## ...# .<.........#
...# ...........# ...#
..(.....W..# ...#########
.....###..#####
...........###############..###..
...........#....@W(......#....#..
......[....#.....#.......#....#..
...........#....<#.......'.<..#..
...........#....##########)...#..
...........#....## ######..
...........'.....# #..
...........#....## #..
################# #>. #..


You could see skelma's ghost and a friendly spectral trident.

Vanquished Creatures
  Sigmund (D:2)
  The ghost of Kaname the Charmwright, an amateur DsSk (D:3)
  2 scorpions
  3 orc wizards
  Jessica (D:2)
  A worker ant (D:4)
  3 hound skeletons (D:4)
  Robin (D:3)
  7 adders
  2 oozes
  4 worms
  2 dart slugs
  A leopard gecko (D:2)
  15 orcs
  14 bats
  A giant cockroach (D:4)
  10 goblins
  10 hobgoblins
  4 jackals (D:4)
  A quokka (D:3)
  2 ball pythons
  6 frilled lizards
  7 kobolds
  A quokka skeleton (D:4)
  6 rats
106 creatures vanquished.

Notes
Turn   | Place    | Note
-------+----------+-------------------------------------------
     0 | D:1      | Kaname the Demonspawn Skald began the quest for the Orb.
     0 | D:1      | Reached XP level 1. HP: 16/16 MP: 3/3
   269 | D:1      | Gained mutation: You have a pair of small horns on your head. [demonic ancestry]
   269 | D:1      | Reached XP level 2. HP: 18/22 MP: 0/5
   613 | D:2      | Noticed Jessica
   622 | D:2      | Killed Jessica
   622 | D:2      | Reached XP level 3. HP: 27/27 MP: 1/6
   763 | D:2      | Noticed Sigmund
  1083 | D:2      | Found a glowing silver altar of Zin.
  1118 | D:2      | Gained mutation: When hurt, damage is shared between your health and your magic reserves. [demonic ancestry]
  1118 | D:2      | Reached XP level 4. HP: 30/33 MP: 7/7
  1131 | D:2      | Found a shattered altar of Ashenzari.
  1135 | D:2      | Saw a vision of the Shoals and the Spider Nest.
  1135 | D:2      | Noticed a redback
  1135 | D:2      | Noticed a wolf spider
  1135 | D:2      | Noticed a hippogriff
  1135 | D:2      | Noticed a merfolk siren
  1135 | D:2      | Noticed a merfolk
  1135 | D:2      | Noticed a merfolk siren
  1136 | D:2      | Noticed a wolf spider
  1136 | D:2      | Noticed a merfolk
  1138 | D:2      | Noticed a redback
  1140 | D:2      | Learned a level 2 spell: Song of Slaying
  1143 | D:2      | Learned a level 2 spell: Shroud of Golubria
  1147 | D:2      | Learned a level 3 spell: Regeneration
  1624 | D:3      | Reached skill level 1 in Necromancy
  2113 | D:3      | Reached skill level 1 in Translocations
  2134 | D:3      | Reached XP level 5. HP: 27/38 MP: 0/9
  2446 | D:3      | Noticed Kaname's ghost (amateur DsSk)
  2511 | D:3      | Noticed Robin
  2729 | D:3      | Reached XP level 6. HP: 40/44 MP: 2/10
  2738 | D:3      | Learned a level 3 spell: Spectral Weapon
  2825 | D:3      | Killed Robin
  2935 | D:3      | Killed Kaname's ghost
  3088 | D:2      | Killed Sigmund
  3088 | D:2      | Reached XP level 7. HP: 44/53 MP: 5/11
  3416 | D:4      | Found Ehacadai's General Store.
  3538 | D:4      | Bought a scroll of remove curse for 36 gold pieces
  3538 | D:4      | Bought a scroll of identify for 24 gold pieces
  3538 | D:4      | Bought a scroll of fear for 42 gold pieces
  3538 | D:4      | Bought a scroll of identify for 24 gold pieces
  4037 | D:4      | Noticed skelma's ghost (amateur DsGl)
  4063 | D:4      | Slain by skelma's ghost

Vault maps used:
D:1:      dpeg_arrival_simpleton_c
D:2:      zin_scriptorium, hangedman_decor_riveting, grunt_ashenzari_visionary,
          uniq_jessica, uniq_sigmund
D:3:      first_bread, grunt_decor_clamped, uniq_robin
D:4:      serial_shops, shop

Skill      XL: |  1  2  3  4  5  6  7 |
---------------+----------------------+-----
Polearms       | 2 3 4 |  4.0
Charms         | 3 4 |  4.7
Spellcasting   | 3 |  3.0
Necromancy     | 1 |  1.2
Translocations | 1 |  1.0
Hexes          | 2 3 |  3.1
Fighting       | 3 4 |  4.0
Armour         | |  0.8
Dodging        | |  1.7

Action                   |  1- 3 |  4- 6 |  7- 9 || total
-------------------------+-------+-------+-------++-------
Melee: Spear             |    89 |    77 |       ||   166
       Headbutt          |     4 |    23 |    12 ||    39
       Trident           |       |   123 |   108 ||   231
 Cast: Infusion          |     7 |     7 |     5 ||    19
       Song of Slaying   |       |     2 |     1 ||     3
       Regeneration      |       |     1 |       ||     1
       Spectral Weapon   |       |     2 |     1 ||     3
  Use: Scroll            |       |     4 |     3 ||     7
       Potion            |       |     2 |       ||     2
 Stab: Sleeping          |       |     1 |       ||     1
  Eat: Chunk             |     1 |     7 |     3 ||    11
Armor: Leather armour    |    19 |    27 |    28 ||    74
Dodge: Dodged            |    38 |   113 |    72 ||   223
